cohdb
Replays
Latest Replays
All Replays
Popular Replays
Top Player Replays
Match Explorer
How It Works
Community
CoH3 Stats
Reddit
Sign in to upload your games and track your stats! →
Sign in with Steam
Match 39076254
Unlisted
Match 39076254
Overview
Messages
Build Orders
End
Construct Barracks
Riflemen Squad
Riflemen Squad
M1 Mortar Team
Infantry Support Center
Riflemen Squad
M1918 Browning Automatic Rifles
Construct Medical Station
Grenade Package
Selects Advanced Infantry Battlegroup
Selects Convert to Ranger Squad
Convert to Ranger Squad
Selects Designate Assault Position
Designate Assault Position
Convert to Ranger Squad
Engineer Squad
Construct Tank Depot
Engineer Squad
Selects Ranger Weapon Training
Convert to Ranger Squad
Selects Artillery Observers
M4A1 Sherman Medium Tank
Selects M2A1 105mm Howitzer Emplacement
M18 Hellcat Tank Destroyer
Selects Free Fire Drills
M18 Hellcat Tank Destroyer
McLovin
K
[TOD7] Gandalfalex
David ApDiue
UH|dun! ツ
UH|XTC
iceman
ElementXV
0
0
Comments
sign in to comment!
No comments posted yet!